 Dungeon Crawl Stone Soup version 0.19.4-10-g532645f (webtiles) character file.

73 Rrauwl the Vexing (level 4, -6/30 HPs)
             Began as a Vampire Enchanter on Feb 25, 2017.
             Mangled by Terence
             ... wielding a +0 falchion
              (8 damage)
             ... on level 2 of the Dungeon.
             The game lasted 00:08:11 (1611 turns).

Rrauwl the Vexing (Vampire Enchanter)               Turns: 1611, Time: 00:08:12

Health: -6/30      AC:  4    Str:  8    XL:     4   Next: 8%
Magic:  5/7        EV: 13    Int: 17    God:
Gold:   14         SH:  0    Dex: 14    Spells: 1 memorised, 7 levels left

rFire  . . .     SeeInvis +     a - +1 dagger
rCold  . . .     Gourm    .     b - +1 robe
rNeg   + . .     Faith    .     (no shield)
rPois  .         Spirit   .     (no helmet)
rElec  .         Reflect  .     (no cloak)
rCorr  .         Harm     .     (no gloves)
MR     .....                    f - +0 pair of boots
Stlth  +++.......               (no amulet)
                                (no ring)
                                (no ring)

@: no status effects
A: fangs 3, see invisible, unbreathing
a: Bat Form


You were on level 2 of the Dungeon.
You were not thirsty.

You visited 1 branch of the dungeon, and saw 2 of its levels.

You collected 14 gold pieces.

Inventory:

Hand Weapons
 a - a +1 dagger (weapon)
Armour
 b - a +1 robe (worn)
 f - a +0 pair of boots (worn)
Scrolls
 e - a scroll of amnesia {unknown}
 g - a scroll of recharging {unknown}
 h - a scroll of teleportation
Potions
 d - 15 potions of blood
 i - a potion of flight
Books
 c - a book of Maledictions

   Spells                             Type                      Level
   a - Corona                         Hexes                        1
   b - Ensorcelled Hibernation        Hexes/Ice                    2
   c - Confuse                        Hexes                        3
   d - Tukima's Dance                 Hexes                        3
   e - Dazzling Spray                 Conjuration/Hexes            3


   Skills:
 - Level 1.1 Short Blades
 + Level 3.1 Dodging
 + Level 5.1 Stealth
 + Level 2.6 Spellcasting
 + Level 5.3 Hexes


You had 7 spell levels left.
You knew the following spells:

 Your Spells              Type           Power        Failure   Level  Hunger
a - Corona                Hex            ###....      1%          1    #......


Dungeon Overview and Level Annotations

Branches:
Dungeon (2/15)

Altars:

Annotations:
D:2 Terence


Innate Abilities, Weirdness & Mutations

You have razor-sharp teeth.
You have supernaturally acute eyesight. (SInv)
You can survive without breathing.


Message History

Confirm with . or Enter, or press ? or * to list all spells.
Aiming: Corona
Press: ? - help, Shift-Dir - straight line, f/p - Terence
Aim: Terence, wielding a falchion and wearing a scale mail (heavily wounded, chance to defeat MR: 67%) Terence is outlined in light.
Terence screams, "I'm going to kill you!"
Terence hits you but does no damage.
You hit Terence but do no damage.
Terence is heavily wounded.
Terence says, "Don't bother to defend, it's senseless."
Terence hits you but does no damage.
You hit Terence but do no damage.
Terence is heavily wounded.
You hit Terence but do no damage.
Terence is heavily wounded.
Terence misses you.
You hit Terence but do no damage.
Terence is heavily wounded.
Terence hits you with a falchion!
You die...

#.......# #......(#
#.......#####
####...(...#...#
...........#...#
#.......#...#
#####.......##..###
........[..###..†.###...
#..###.##.....@@.......
##.....######.#####....
####.....# #.# .
##.##..##.# #.# .##.#
##.# ##.# #.)# .....
#.###....## ###.#....#


You could see Terence.

Vanquished Creatures
  Jessica (D:2)
  A worm (D:2)
  A dart slug (D:1)
  2 leopard geckos
  5 goblins
  4 hobgoblins
  A quokka (D:1)
  2 ball pythons (D:1)
  8 bats
  2 frilled lizards (D:1)
  7 kobolds
  7 rats (D:1)
41 creatures vanquished.

Notes
Turn   | Place    | Note
-------+----------+-------------------------------------------
     0 | D:1      | Rrauwl the Vampire Enchanter began the quest for the Orb.
     0 | D:1      | Reached XP level 1. HP: 13/13 MP: 3/3
   387 | D:1      | Reached XP level 2. HP: 19/19 MP: 5/5
  1264 | D:1      | Reached XP level 3. HP: 24/24 MP: 6/6
  1278 | D:1      | Reached skill level 5 in Hexes
  1554 | D:2      | Noticed Jessica
  1561 | D:2      | Killed Jessica
  1561 | D:2      | Reached skill level 5 in Stealth
  1571 | D:2      | Reached XP level 4. HP: 30/30 MP: 7/7
  1577 | D:2      | Noticed Terence
  1611 | D:2      | Mangled by Terence

Skill      XL: |  1  2  3 |
---------------+----------+-----
Hexes          | 5 |  5.3
Dodging        | 3 |  3.1
Stealth        | 5 |  5.1
Short Blades   | |  1.1
Spellcasting   | |  2.6

Action                   |  1- 3 |  4- 6 || total
-------------------------+-------+-------++-------
Melee: Dagger            |   169 |    27 ||   196
       Bite              |     5 |     1 ||     6
 Cast: Corona            |     2 |     4 ||     6
  Use: Potion            |     2 |     1 ||     3
       Scroll            |     2 |       ||     2
 Stab: Sleeping          |     6 |     1 ||     7
  Eat: Corpse            |     5 |       ||     5
Armor: Robe              |    57 |     6 ||    63
Dodge: Dodged            |   123 |    12 ||   135
